 Dungeon Sprint DCSS version 0.21-a0-94-gdd6ab6a (webtiles) character file.

95 Kidiri the Insei (level 4, -1/38 HPs)
             Began as a Draconian Transmuter on July 2, 2017.
             Slain by a hungry ghost (4 damage)
             ... in the Dungeon (Sprint IX: "|||||||||||||||||||||||||||||").
             The game lasted 00:01:32 (205 turns).

Kidiri the Insei (Draconian Transmuter)              Turns: 205, Time: 00:01:33

Health: -1/38      AC:  2    Str: 12    XL:     4   Next: 39%
Magic:  5/10       EV: 21    Int: 13    God:
Gold:   0          SH:  0    Dex: 18    Spells: 1/11 levels left

rFire    . . .     SeeInvis .     - Unarmed
rCold    . . .     Gourm    .   (shield currently unavailable)
rNeg     . . .     Faith    .   (armour unavailable)
rPois    x         Spirit   .   (helmet currently unavailable)
rElec    .         Reflect  .   (cloak currently unavailable)
rCorr    .         Harm     .   (gloves currently unavailable)
MR       .....     NoTele   +   (boots currently unavailable)
Stlth    ++........             (no amulet)
HPRegen  0.12/turn              (no ring)
MPRegen  0.12/turn              (no ring)

@: lethally poisoned (-1 -> -4), spider-form (expiring), very slightly
contaminated
A: unfitting armour, AC +5
a: End Transformation


You were in the Dungeon.
You were not hungry.
You were a venomous arachnid creature.
You visited 1 branch

Inventory:

Missiles
 a - 12 arrows
Jewellery
 m - a +2 ring of evasion
 n - a +3 ring of intelligence
Wands
 l - a wand of acid (7/15)
Scrolls
 i - 2 scrolls of blinking
 j - 3 scrolls of remove curse
 k - 2 scrolls of amnesia
Potions
 d - a potion of invisibility
 e - 2 potions of heal wounds
 f - 4 potions of curing
 g - 4 potions of magic
 h - a potion of berserk rage
Books
 b - a book of Changes

   Spells                             Type                      Level
   a - Beastly Appendage              Transmutation                1
   b - Sticks to Snakes               Transmutation                2
   c - Spider Form                    Transmutation/Poison         3
   d - Ice Form                       Ice/Transmutation            4
   e - Blade Hands                    Transmutation                5
Comestibles
 c - a bread ration


   Skills:
 + Level 3.3 Fighting
 + Level 3.2 Dodging
 * Level 5.2 Unarmed Combat
 * Level 4.3 Spellcasting
 * Level 4.5 Transmutations
 + Level 0.8 Ice Magic
 + Level 0.8 Poison Magic


You had one spell level left.
You knew the following spells:

 Your Spells              Type           Power        Failure   Level  Hunger
a - Beastly Appendage     Tmut           ##....       11%         1    None
b - Sticks to Snakes      Tmut           ##......     14%         2    ##.....
c - Spider Form           Tmut/Pois      #.........   41%         3    ###....
d - Ice Form              Ice/Tmut       #.......     75%         4    ####...


Dungeon Overview and Level Annotations

Branches:
Dungeon (1/1)

Altars:
Cheibriados
Dithmenos
Elyvilon
Fedhas
Gozag
Hepliaklqana
Kikubaaqudgha
Makhleb
Nemelex Xobeh
Okawaru
Qazlal
Ru
Sif Muna
Trog
Uskayaw
Vehumet
Wu Jian
Xom
Yredelemnul
Zin
The Shining One
Beogh
Jiyva
Lugonu


Innate Abilities, Weirdness & Mutations

((Your plain brown scales are hard. (AC +5)))
You cannot fit into any form of body armour.
((You are cold-blooded and may be slowed by cold attacks.))


Message History

The hungry ghost is lightly damaged.
The hungry ghost misses you. The orc wizard misses you.
You hit the hungry ghost.
The hungry ghost is moderately damaged.
* * * LOW HITPOINT WARNING * * *
You feel sick. The hungry ghost closely misses you.
The orc wizard closely misses you.
You closely miss the hungry ghost.
The hungry ghost is moderately damaged.
The hungry ghost hits you.
You feel a lot more hungry. The orc wizard misses you.
You barely miss the hungry ghost.
The hungry ghost is moderately damaged.
Your transformation is almost over.
The hungry ghost completely misses you. The orc wizard barely misses you.
You barely miss the hungry ghost.
The hungry ghost is moderately damaged.
* * * LOW HITPOINT WARNING * * *
You feel sick. The hungry ghost hits you.
You die... ▓▓▓▓▓▓▓▓▓▓▓▓▓▓▓▓▓▓▓▓▓▓▓▓ ...YSyWso[[[)|..'_______ ▓▓▓▓▓▓▓▓▓▓▓▓▓▓▓▓▓▓▓▓▓▓▓▓

You could see a yak, a hungry ghost, a killer bee, an orc wizard and an adder.

Vanquished Creatures
  2 hounds (D)
  A worker ant (D)
  An adder zombie (D)
  A leopard gecko (D)
  An orc (D)
  A giant cockroach (D)
  A ball python (D)
  2 kobolds (D)
  A rat (D)
11 creatures vanquished.

Notes
Turn   | Place    | Note
-------+----------+-------------------------------------------
     0 | D        | Kidiri the Draconian Transmuter began the quest for the Orb.
     0 | D        | Reached XP level 1. HP: 16/16 MP: 3/3
    86 | D        | Noticed a hound
    86 | D        | Noticed a hound
    93 | D        | Reached XP level 2. HP: 14/24 MP: 2/5
    99 | D        | Reached skill level 4 in Unarmed Combat
    99 | D        | Reached XP level 3. HP: 14/30 MP: 4/8
   128 | D        | Reached XP level 4. HP: 8/38 MP: 6/10
   140 | D        | Found a roughly hewn altar of Beogh.
   140 | D        | Found a snail-covered altar of Cheibriados.
   140 | D        | Found a shadowy altar of Dithmenos.
   140 | D        | Found a white marble altar of Elyvilon.
   140 | D        | Found a blossoming altar of Fedhas.
   140 | D        | Found an opulent altar of Gozag.
   141 | D        | Found a hazy altar of Hepliaklqana.
   142 | D        | Found a viscous altar of Jiyva.
   143 | D        | Found an ancient bone altar of Kikubaaqudgha.
   144 | D        | Found a corrupted altar of Lugonu.
   145 | D        | Found a burning altar of Makhleb.
   146 | D        | Found a sparkling altar of Nemelex Xobeh.
   147 | D        | Found an iron altar of Okawaru.
   148 | D        | Found a stormy altar of Qazlal.
   149 | D        | Found a sacrificial altar of Ru.
   150 | D        | Found a deep blue altar of Sif Muna.
   151 | D        | Found a bloodstained altar of Trog.
   156 | D        | Learned a level 3 spell: Spider Form
   161 | D        | Learned a level 4 spell: Ice Form
   164 | D        | Learned a level 2 spell: Sticks to Snakes
   164 | D        | Found a hide-covered altar of Uskayaw.
   165 | D        | Found a radiant altar of Vehumet.
   166 | D        | Found an ornate altar of the Wu Jian Council.
   167 | D        | Found a shimmering altar of Xom.
   168 | D        | Found a basalt altar of Yredelemnul.
   169 | D        | Found a glowing silver altar of Zin.
   170 | D        | Found a glowing golden altar of the Shining One.
   194 | D        | Noticed a yak
   194 | D        | Noticed a hungry ghost
   198 | D        | Reached skill level 5 in Unarmed Combat
   205 | D        | Slain by a hungry ghost

Vault maps used:
D:        linesprint

Skill      XL: |  1  2  3  4 |
---------------+-------------+-----
Dodging        | 2 3 |  3.2
Fighting       | 2 3 |  3.3
Unarmed Combat | 4 5 |  5.2
Spellcasting   | 3 4 |  4.3
Transmutations | 3 4 |  4.5
Ice Magic      | |  0.8
Poison Magic   | |  0.8

Action                   |  1- 3 |  4- 6 || total
-------------------------+-------+-------++-------
Melee: Unarmed           |    53 |     9 ||    62
       Tailslap          |     2 |       ||     2
       Headbutt          |     5 |       ||     5
       Punch             |     2 |       ||     2
       Kick              |     1 |       ||     1
 Cast: Beastly Appendage |     2 |       ||     2
       Spider Form       |       |     1 ||     1
  Use: Potion            |     3 |       ||     3
Armor: Skin              |     9 |     1 ||    10
Dodge: Dodged            |    31 |    11 ||    42
